 Dungeon Crawl Stone Soup version 0.31-a0-237-g2d982f9f85 (webtiles) character file.

Game seed: 4300271511333410643

97 qw the Shooter (level 4, -2/26 HPs)
             Began as a Gargoyle Hexslinger on July 11, 2023.
             Slain by a hobgoblin (3 damage)
             ... led by Robin
             ... on level 3 of the Dungeon.
             The game lasted 00:00:49 (1851 turns).

qw the Shooter (Gargoyle Hexslinger)                Turns: 1851, Time: 00:00:49

Health: -2/26      AC:  7    Str: 16    XL:     4   Next: 68%
Magic:  5/5        EV: 12    Int: 13    God:
Gold:   102        SH:  0    Dex: 14    Spells: 4/5 levels left

rFire   . . .        Y - +1 sling
rCold   . . .        (no shield)
rNeg    + . .        h - +2 robe of Duty {Str+4 Stlth+}
rPois   inf          (no helmet)
rElec   +            (no cloak)
rCorr   .            (no gloves)
SInv    .            (no boots)
Will    .....        (no amulet)
Stlth   ++           (no ring)
HPRegen 0.24/turn    (no ring)
MPRegen 0.09/turn

%: no passive effects
@: no status effects
A: sickness immunity, AC +3, negative energy resistance 1, electricity
resistance, torment resistance 1, petrification resistance
a: no special abilities


You were on level 3 of the Dungeon.
You visited 1 branch of the dungeon, and saw 3 of its levels.

You collected 102 gold pieces.


Innate Abilities, Weirdness & Mutations

You are immune to sickness and miasma.
Your stone body is resilient. (AC +3)
You are immune to poison.
You resist negative energy. (rN+)
You are resistant to electric shocks. (rElec)
You are resistant to unholy torment.
You are immune to petrification.


   Skills:
 - Level 2.0 Fighting
 + Level 4.4 Ranged Weapons
 - Level 1.5 Dodging
 - Level 1.0 Spellcasting
 - Level 2.6 Hexes


You had 4 spell levels left.
You knew the following spells:

 Your Spells              Type           Power      Damage    Failure   Level
a - Slow                  Hex            28%        N/A       10%         1

Your spell library contained the following spells:

 Spells                   Type           Power      Damage    Failure   Level
 Inner Flame              Hex/Fire       4%         N/A       43%         3
 Portal Projectile        Hex/Tloc       8%         N/A       43%         3
 Cause Fear               Hex            3%         N/A       67%         4

Inventory:

Hand Weapons
 Y - a +1 sling (weapon)
Armour
 h - the +2 robe of Duty (worn) {Str+4 Stlth+}
   (You found it on level 2 of the Dungeon)

   Str:       It affects your strength (+4).
   Stlth:     It makes you more stealthy.
Scrolls
 a - a scroll of identify
Potions
 d - a potion of curing {unknown}
 e - a potion of mutation {unknown}
 g - a potion of invisibility {unknown}

Dungeon Overview and Level Annotations

Branches:
Dungeon (3/15)

Altars:
Xom

Annotations:
D:3 Grinder


Message History

You shoot a sling bullet.
The sling bullet closely misses Grinder.
The hobgoblin shouts!
Grinder barely misses you.
You shoot a sling bullet. The sling bullet barely misses Grinder.
Grinder barely misses you.
You shoot a sling bullet.
The sling bullet hits Grinder but does no damage.
Grinder is moderately wounded.
Grinder hits you!
You shoot a sling bullet. The sling bullet barely misses Grinder.
Grinder blinks!
Grinder gestures at you.
You barely resist. You shoot a sling bullet. The sling bullet hits Grinder.
Grinder is heavily wounded.
Grinder completely misses you.
You shoot a sling bullet.
The sling bullet closely misses Grinder.
The goblin shouts!
Grinder gestures at you. Pain shoots through your body!
The hobgoblin closely misses you.
You shoot a sling bullet.
The sling bullet closely misses Grinder.
A ball python comes into view.
Grinder gestures at you.
You suddenly lose the ability to move!
The hobgoblin barely misses you. Grinder barely misses you.
The hobgoblin hits you. Grinder hits you. The hobgoblin hits you.
Grinder gestures at you. Pain shoots through your body!
The hobgoblin hits you but does no damage.
Grinder gestures at you. Pain shoots through your body!
The hobgoblin hits you but does no damage.
You can move again.
You shoot a sling bullet.
The sling bullet closely misses Grinder.
Grinder hits you but does no damage. The hobgoblin hits you.
You die...

. ## #(##....... #. #...
.# #.##....... . #.#. ..
#.##......) .. ..... #.
###.##....... .....##.#
#...##.......
.........###.####.....).
.....S.#..##............
......g##..#...##.......
......g@5#.....##.......
.......#.#...........#..
.....###.#.#.....###.###
.... #.........# #.# ...
#..........##.# ..
#........#.##.# .
#........#... #........#
##


You could see Grinder, a hobgoblin, a goblin and a ball python.

Vanquished Creatures
  Robin (D:3)
  An adder (D:2)
  A worm (D:2)
  A dart slug (D:2)
  An orc (D:3)
  3 bats
  4 endoplasms
  4 giant cockroaches (D:1)
  11 goblins
  11 hobgoblins
  2 jackals (D:2)
  6 kobolds
  3 quokkas
  7 ball pythons
  A frilled lizard (D:1)
  4 rats (D:1)
61 creatures vanquished.

Notes
Turn   | Place    | Note
-------+----------+-------------------------------------------
     0 | D:1      | qw the Gargoyle Hexslinger began the quest for the Orb.
     0 | D:1      | Reached XP level 1. HP: 12/12 MP: 2/2
     0 | D:1      | 0 ||| qw: Version: 0.3-a-52-g30416fa
     0 | D:1      | 0 ||| qw: Game counter: 5682
     0 | D:1      | 0 ||| qw: Melee chars always use a shield: true
     0 | D:1      | 0 ||| qw: God list: Okawaru
     0 | D:1      | 0 ||| qw: Allow faded altars: false
     0 | D:1      | 0 ||| qw: Do Orc after clearing Dungeon:15 true
     0 | D:1      | 0 ||| qw: Do second Lair branch before Depths: true
     0 | D:1      | 0 ||| qw: Lair rune preference: random
     0 | D:1      | 0 ||| qw: Goals: Normal
     0 | D:1      | 0 ||| PLANNING D:1-11
     3 | D:1      | Noticed an electric eel
     4 | D:1      | Noticed an electric eel
    51 | D:1      | Reached XP level 2. HP: 6/16 MP: 3/3
   129 | D:1      | Reached skill level 3 in Ranged Weapons
   306 | D:1      | Found a faded altar of an unknown god.
   360 | D:1      | Reached XP level 3. HP: 21/21 MP: 4/4
   387 | D:1      | You fall into a shaft and drop 1 floor!
   440 | D:2      | 440 ||| DROPPING ring of flight.
   441 | D:2      | 441 ||| READING scroll labelled XATTIB TORYRPH.
   442 | D:2      | 442 ||| READING scroll labelled POMUIMU ACWU.
   443 | D:2      | 443 ||| READING scroll labelled RUIFID ZAISIKUA.
   447 | D:2      | 447 ||| READING scroll labelled BONLAM XOTSO.
   448 | D:2      | 448 ||| DROPPING scroll of poison.
   898 | D:1      | 898 ||| READING scroll labelled LEZOVO MEREAMA.
   899 | D:1      | 899 ||| READING scroll labelled YCHYT OPLUN.
  1157 | D:2      | Reached XP level 4. HP: 24/26 MP: 5/5
  1336 | D:2      | Found a shimmering altar of Xom.
  1455 | D:2      | Identified the +2 robe of Duty {Str+4 Stlth+}
  1643 | D:2      | 1643 ||| UPGRADING to +0 leather armour.
  1653 | D:2      | 1653 ||| DROPPING +0 robe.
  1654 | D:2      | 1654 ||| UPGRADING to +2 robe of Duty {Str+4 Stlth+}.
  1664 | D:2      | 1664 ||| DROPPING +0 leather armour.
  1665 | D:2      | 1665 ||| READING scroll labelled SOETELUOTT.
  1681 | D:3      | Reached skill level 4 in Ranged Weapons
  1682 | D:3      | Noticed Grinder
  1684 | D:3      | Noticed Robin
  1692 | D:3      | Killed Robin
  1708 | D:3      | HP: 4/26 [hobgoblin[Robin] (3)]
  1709 | D:3      | 1709 ||| READING scroll of teleportation.
  1834 | D:3      | Paralysed by Grinder for 4 turns
  1846 | D:3      | Paralysed by Grinder for 5 turns
  1848 | D:3      | HP: 5/26 [Grinder (2)]
  1849 | D:3      | HP: 2/26 [Grinder/nerve-wracking pain (2)]
  1851 | D:3      | Slain by a hobgoblin

Levels and vault maps discovered:
D:1:      arrival_aquarium_b, layout_loops_ring, ebering_ecumenical_altar_hall
D:2:      layout_loops_ring, basic_altar
D:3:      layout_basic, uniq_grinder, uniq_robin

Skill      XL: |  1  2  3  4 |
---------------+-------------+-----
Ranged Weapons | 3 4 |  4.4
Fighting       | 2 |  2.0
Dodging        | |  1.5
Spellcasting   | |  1.0
Hexes          | |  2.6

Action                     |  1- 3 |  4- 6 || total
---------------------------+-------+-------++-------
   Fire: Sling             |   142 |    75 ||   217
    Use: Scroll            |     6 |     2 ||     8
 Armour: Robe              |    25 |    22 ||    47
  Dodge: Dodged            |    56 |    47 ||   103

Table legend:
 A = Non-vault XP
 B = Vault XP
 C = Vault XP percentage of total XP
 D = Non-vault monster count
 E = Vault monster count
 F = Vault count percentage of total count
                 A         B        C        D         E       F
            +---------+---------+-------+---------+---------+-------
      Total |     107 |      32 |  23.0 |      52 |       9 |  14.8
            +---------+---------+-------+---------+---------+-------
        D:1 |      48 |       0 |   0.0 |      29 |       0 |   0.0
        D:2 |      45 |       0 |   0.0 |      16 |       0 |   0.0
        D:3 |      14 |      32 |  69.6 |       7 |       9 |  56.2
            +---------+---------+-------+---------+---------+-------
